[Event "3rd President Cup-A 2024"]
[Site "Tashkent"]
[Date "2024.11.29"]
[Round "9.1"]
[White "Abdusattorov, Nodirbek"]
[Black "Nihal Sarin"]
[Result "1/2-1/2"]
[ECO "D35"]
[WhiteElo "2777"]
[BlackElo "2676"]
[Annotator "TA"]
[PlyCount "84"]
[EventDate "2024.11.22"]
[EventType "swiss"]
[EventCountry "UZB"]
[SourceTitle "playchess.com"]
[Source "ChessBase"]
[SourceQuality "1"]
[TimeControl "5400+30"]

1. c4 e6 2. Nc3 d5 3. d4 Nf6 4. cxd5 exd5 5. Bg5 Be7 6. e3 h6 7. Bh4 Bg4 8. f3 Be6 9. Bd3 c5 {[%emt 0:00:55] White has an edge.} 10. Nge2 Nc6 11. O-O O-O 12. Bf2 cxd4 13. exd4 Bd6 {[%emt 0:00:50] Prevents Nf4.} 14. Bh4 Re8 15. Rc1 Rc8 16. Bb1 Be7 17. Qd3 g6 18. Qd1 Qd7 19. Qd2 Kg7 20. Bc2 Na5 21. Ba4 Nc6 22. Bf2 a6 23. Nf4 b5 {[%emt 0:01:07] The position is equal.} 24. Bb3 Na5 25. Rce1 Bd6 26. Bh4 (26. Ncxd5 Nxb3 27. Nxe6+ Qxe6 (27... fxe6 $2 28. Nxf6 Nxd2 29. Nxd7 $19) 28. axb3 Qxd5 $19) 26... Nxb3 27. axb3 g5 28. Nxe6+ Rxe6 ({Reject} 28... fxe6 29. Bg3 $14) 29. Bg3 Bxg3 30. hxg3 Rce8 31. Rxe6 Qxe6 32. g4 b4 33. Na4 Qe2 34. Rd1 Kg6 35. Nc5 (35. Qxe2 {simplifies} Rxe2 36. Kf1 Rc2 37. Nc5) 35... h5 36. gxh5+ Nxh5 37. Nd3 {[%emt 0:00:01] [#] Dodges Nf4. Black must now prevent Ne5+.} Nf4 {[%emt 0:00:35] ...Qxd2 would now be deadly.} 38. Ne5+ Kg7 39. Qxe2 Nxe2+ 40. Kf2 Nxd4 41. Rxd4 Rxe5 42. Rxb4 Re6 {[%emt 0:00:08] Weighted Error Value: White=0.04 (flawless) /Black=0.03 (flawless) .  Inaccurate:     	---       	Black=1      OK:         	White=14    	Black=18     Best:        	White=2     	Black=1} 1/2-1/2

[Event "3rd President Cup-A 2024"]
[Site "Tashkent"]
[Date "2024.11.29"]
[Round "9.2"]
[White "Maghsoodloo, Parham"]
[Black "Saydaliev, Saidakbar"]
[Result "1-0"]
[ECO "D35"]
[WhiteElo "2712"]
[BlackElo "2473"]
[Annotator "TA"]
[PlyCount "75"]
[EventDate "2024.11.22"]
[EventType "swiss"]
[EventCountry "UZB"]
[SourceTitle "playchess.com"]
[Source "ChessBase"]
[SourceQuality "1"]
[TimeControl "5400+30"]

1. d4 Nf6 2. c4 e6 3. Nc3 d5 4. cxd5 exd5 5. Bg5 Be7 6. e3 O-O 7. Bd3 Re8 8. Nge2 c6 9. O-O a5 10. f3 {[%emt 0:04:33] The position is equal.} h6 11. Bh4 Ne4 12. fxe4 $16 Bxh4 13. Nf4 Nd7 (13... dxe4 $14 {should be considered.} 14. Bc4 Ra7) 14. g3 (14. e5 $16) 14... Bg5 $1 $14 15. e5 Nf8 (15... f6 $14) 16. Qh5 Qd7 17. h4 {[%emt 0:04:30] White is much more active.} Bd8 18. Qf3 Qg4 $1 19. Qf2 {[%emt 0:01:45][%cal Of4d5] Nfxd5! would now be deadly.} f6 20. Be2 $36 {[%emt 0:04:51][%mdl 2048] White has the initiative.} Qd7 21. exf6 Bxf6 22. Nh5 Bd8 {[%emt 0:01:47] [#]} ({Black should play} 22... Nh7 $14) 23. e4 $1 $16 {[%emt 0:00:31][%mdl 512] Hoping for exd5.} Qe7 24. Kh2 {[%emt 0:03:30] Wards off Bh3} (24. exd5 $142 Qe3 (24... Bh3 $2 25. Bc4 $18) 25. Qxe3 Rxe3 26. Rae1) 24... Bc7 25. Rae1 {[%emt 0:03:34] Really sharp!} (25. e5 $6 Ne6 $11) (25. exd5 $16 {Threatens to win with Rae1.} Nh7 26. Rae1) 25... Be6 (25... Ng6 $1 $11 {keeps the balance.}) 26. exd5 $1 cxd5 27. Kg1 Qf7 {[%emt 0:00:35] [#]} (27... Qd6 $16 {might work better.}) 28. Qg2 $1 $18 Qg6 29. Nxd5 Bxd5 30. Qxd5+ Kh8 {[%emt 0:00:01] [#]} 31. Bc4 $1 ({And not} 31. Qxb7 Bxg3 32. Qg2 Re3 $11 (32... Bxe1 $2 {perishes.} 33. Rxf8+ Rxf8 34. Qxg6 $18)) 31... Ne6 $2 (31... Nh7 {was worth a try.}) 32. Rxe6 Rxe6 33. Qxe6 Qxh5 {[%emt 0:00:02] Black is weak on the light squares} (33... Qxe6 $142 34. Bxe6 Bb6) 34. Qe7 {[%emt 0:00:30] White is clearly winning.} Qe8 {[%emt 0:03:48] Wards off Rf8+} 35. Qxc7 Rc8 36. Qf7 Qe3+ 37. Kh2 {[%emt 0:00:05][%cal Of7g6] aiming for Qg6!} Qxd4 38. b3 {[%emt 0:00:11] Weighted Error Value: White=0.12 (very precise) /Black=0.35.  Mistake:       	White=3     	Black=8      Inaccurate:     	White=1     	---        OK:         	White=7     	Black=8      Best:        	White=2     	Black=1      Strong:       	White=2     	Black=2      Brilliant:      	White=1     	---} ({Weaker is} 38. Qxb7 Qxc4 39. Rf2 Re8 $14) 1-0

[Event "3rd President Cup-A 2024"]
[Site "Tashkent"]
[Date "2024.11.29"]
[Round "9.3"]
[White "Sindarov, Javokhir"]
[Black "Neelash Saha"]
[Result "1-0"]
[ECO "A11"]
[WhiteElo "2682"]
[BlackElo "2458"]
[Annotator "TA"]
[PlyCount "54"]
[EventDate "2024.11.22"]
[EventType "swiss"]
[EventCountry "UZB"]
[SourceTitle "playchess.com"]
[Source "ChessBase"]
[SourceQuality "1"]
[TimeControl "5400+30"]

1. c4 c6 2. Nf3 d5 3. g3 Nf6 4. Bg2 dxc4 5. O-O Nbd7 6. Qc2 Nb6 7. b3 cxb3 8. axb3 g6 {[%emt 0:00:08] The position is equal.} 9. e4 Bg7 {[%emt 0:00:04][%cal Of6e4] Strongly threatening ...Nxe4!} 10. d4 O-O 11. h3 Nfd7 12. Bb2 f5 13. exf5 Rxf5 14. Nbd2 Nf6 15. Rfe1 Nfd5 16. Ne4 Nb4 17. Qe2 a5 18. Nc5 N6d5 19. h4 Qd6 20. Rac1 b6 21. Ne4 Qd8 22. Neg5 h6 23. Ne6 {[%emt 0:00:20] White is slightly better.} Bxe6 24. Qxe6+ Kh7 25. Qe2 Qf8 26. Ne5 Bxe5 27. dxe5 e6 {[%emt 0:00:00] Weighted Error Value: White=0.02 (flawless) /Black=0.05 (flawless) .  Inaccurate:     	White=1     	Black=1      OK:         	White=9     	Black=9      Best:        	---       	Black=1} 1-0

[Event "3rd President Cup-A 2024"]
[Site "Tashkent"]
[Date "2024.11.29"]
[Round "9.4"]
[White "Vokhidov, Shamsiddin"]
[Black "Nigmatov, Ortik"]
[Result "1-0"]
[ECO "C78"]
[WhiteElo "2681"]
[BlackElo "2447"]
[Annotator "TA"]
[PlyCount "97"]
[EventDate "2024.11.22"]
[EventType "swiss"]
[EventCountry "UZB"]
[SourceTitle "playchess.com"]
[Source "ChessBase"]
[SourceQuality "1"]
[TimeControl "5400+30"]

1. e4 e5 2. Nf3 Nc6 3. Bb5 a6 4. Ba4 Nf6 5. O-O Bc5 6. c3 b5 7. Bc2 d5 {[%emt 0:01:05] C78: Ruy Lopez: Archangelsk and Möller Defences.} 8. a4 dxe4 9. axb5 Bg4 10. bxc6 exf3 11. gxf3 Bh3 12. Re1 O-O 13. Ra5 Qd6 14. b4 Bxf2+ 15. Kxf2 e4 16. Kg1 Rae8 17. Re3 Nh5 18. Rg5 Qh6 19. f4 Nxf4 20. Rgg3 f5 21. d4 Bg4 22. Qf1 Nh5 23. Re1 Qd6 $146 (23... Nxg3 $2 24. Qc4+ Qe6 25. Qxe6+ (25. Qxa6 $2 Nh5 $19) 25... Rxe6 26. Bb3 (26. hxg3 Rxc6 27. Bb3+ Kh8 $18) 26... Ne2+ 27. Rxe2 $18) ({Predecessor:} 23... Qxc6 24. Bf4 h6 25. Qf2 Nxg3 26. hxg3 Kh7 27. Be5 Re6 28. Nd2 Qxc3 29. Bb1 Qxb4 {0-1 Ivic,V (2509)-Aronian,L (2767) Lindores Abbey Blitz Tal Memorial 2021 (6.23)}) 24. Qf2 Qxc6 (24... Nxg3 25. Bb3+ Kh8 26. hxg3 Qxc6 27. Bf4 $16) 25. Bf4 Rf6 {[%emt 0:08:46] [#]} (25... h6 $14) 26. Be5 $2 (26. Rge3 $1 $18) 26... Nxg3 $11 27. Bb3+ Kh8 28. Qxg3 $2 {[%emt 0:17:58] [#]} (28. hxg3 $11 Rh6 29. Bd1 Bxd1 30. Rxd1) 28... Rg6 $2 ({Black should try} 28... f4 $1 $19 29. Bxf4 (29. Qxg4 $2 Rg6 $19) 29... Be6) 29. Bf7 $1 $16 (29. Bxc7 $2 Bh3 30. Bf4 Rxg3+ $19) 29... Ree6 {[%emt 0:00:55] [#]} 30. Qh4 $1 (30. Bxc7 $2 Bf3 31. Bxg6 Rxg6 $19) 30... Re8 $2 (30... Bf3+ $16 31. Bg3 (31. Bxg6 Rxg6+ 32. Bg3 Qd7 $16) 31... Rxg3+ 32. hxg3 (32. Qxg3 Rf6 $11) 32... Rf6) 31. Bxg6 $18 (31. Bxe8 $6 Qxe8 32. Nd2 (32. Bxc7 e3 $17) 32... h6 $16) 31... Qxg6 32. Nd2 h6 33. Kf2 (33. Bxc7 $6 e3 34. Nf1 e2 $18) 33... Kh7 34. h3 (34. Bxc7 Qc6 35. Qg3 e3+ 36. Rxe3 Rxe3 37. Qxe3 Qxc7 $16) 34... Bh5 35. Qf4 (35. Bxc7 Qf7 36. Qf4 g5 $11) 35... Qc6 36. c4 (36. Qxf5+ Bg6 37. Qf4 Qxc3 38. Nxe4 Qxb4) 36... Qd7 37. h4 (37. Bxc7 Qxd4+ 38. Qe3 Qd7 $11) 37... Bg4 38. Rg1 (38. Bxc7 Qxd4+ 39. Qe3 Qf6 $11) 38... Qe7 $2 (38... Rb8 39. Bxc7 Qxd4+ 40. Qe3 Qxe3+ 41. Kxe3 Rxb4) 39. Rxg4 $18 (39. Bxc7 $2 e3+ (39... Qxb4 $2 40. Be5 $18) 40. Kg2 exd2 41. Qxd2 Qxc7 $19) 39... fxg4 40. Qxg4 Qf7+ 41. Ke3 Rb8 (41... Kg8 {was necessary.} 42. h5 (42. Kxe4 Re7 $18) (42. Qxe4 Re6 $18) (42. Nxe4 Re7 $18) 42... Re7) 42. Qxe4+ $18 ({Don't play} 42. Kxe4 Kh8 43. h5 Rf8) 42... Kg8 43. Qd5 Qxd5 44. cxd5 Rxb4 45. Bxc7 Kf7 46. Ne4 g5 47. d6 Rb3+ 48. Kd2 Rb4 49. Kc3 1-0

[Event "3rd President Cup-A 2024"]
[Site "Tashkent"]
[Date "2024.11.29"]
[Round "9.5"]
[White "Ayush Sharma"]
[Black "Yakubboev, Nodirbek"]
[Result "0-1"]
[ECO "B90"]
[WhiteElo "2464"]
[BlackElo "2668"]
[Annotator "TA"]
[PlyCount "107"]
[EventDate "2024.11.22"]
[EventType "swiss"]
[EventCountry "UZB"]
[SourceTitle "playchess.com"]
[Source "ChessBase"]
[SourceQuality "1"]
[TimeControl "5400+30"]

1. e4 c5 2. Nf3 d6 3. d4 cxd4 4. Nxd4 Nf6 5. Nc3 a6 6. Bd3 g6 7. f3 e5 8. Nde2 Be6 9. Be3 {[%emt 0:03:50] The position is equal.} Nbd7 10. Ng3 b5 11. Qd2 h5 12. h4 Be7 13. O-O-O Qa5 {[%emt 0:13:39][%cal Ob5b4] Strongly threatening ...b4!} 14. a3 (14. Kb1 $15) 14... b4 $19 15. Nd5 Bxd5 16. exd5 Nxd5 (16... Rb8 $1 $17 {[%cal Oa5a4] Threatens to win with ...Qa4!} 17. Ne4 Qa4) 17. Bg5 $1 $11 Bxg5 18. hxg5 Nc3 {[%emt 0:02:02][%cal Oa8c8] Inhibits Be4. Hoping for ...Rc8!} 19. Ne4 d5 20. Nxc3 bxc3 21. Qxc3 Qxc3 22. bxc3 Ke7 23. c4 d4 24. Rhe1 Rac8 25. Bf1 Kd6 {[%emt 0:05:13] [#]} 26. f4 $1 Rhe8 (26... Rc5 27. c3) 27. fxe5+ Rxe5 28. Rxd4+ Ke6 29. Rxe5+ Nxe5 $14 {[%emt 0:00:02][%mdl 4096] Endgame. KRB-KRN} 30. Rf4 (30. Kd2 $16) 30... a5 31. Bd3 Rc5 32. Kb2 Ng4 33. Kc3 ({Better is} 33. Re4+ $11 Kd6 34. Rd4+ Ke7 35. Rd5 Rxd5 36. cxd5) 33... Rxg5 $15 34. Kd4 {[%emt 0:00:07] Prevents Ne3.} Nf6 $1 35. c5 Rxg2 {[%emt 0:00:52] And now ...Rg4 would win.} 36. Bc4+ $2 {[%emt 0:00:32] White is on the road to losing.} (36. Ba6 $1 $11 {and White has nothing to worry.}) 36... Ke7 $19 37. c6 $2 {[%emt 0:00:18] [#]} (37. Rf3 {is more resistant.} Rg4+ (37... Rxc2 38. c6 $11) 38. Kd3) 37... Rg4 $1 38. Rxg4 hxg4 {[%emt 0:00:46] KB-KN} 39. c7 Kd7 {[%emt 0:00:01] aiming for ...g3.} 40. Ke3 $2 {[%emt 0:01:12] [#]} (40. c8=Q+ Kxc8 41. Bxf7) 40... g3 $1 (40... Kxc7 41. Bxf7 g5 42. Kf2 $17) 41. Kf3 {[%emt 0:00:37] [#] Inhibits Ng4.} Ne4 $1 42. Bd5 (42. Kg2 f5) 42... f5 43. Kg2 Kxc7 44. Bf7 g5 (44... f4 $142 45. Bxg6 Nd2) 45. Bg6 Nd6 46. Kxg3 Kc6 {[%emt 0:00:05] ( -> ...Kd5)} 47. Kf3 Kd5 48. Ke3 Nc4+ 49. Ke2 Ke6 50. a4 Nd6 51. Ke3 Ke5 52. Bh5 g4 53. c3 f4+ 54. Ke2 {[%emt 0:00:23] Weighted Error Value: White=0.89/Black=0.18 (very precise) .  Loses game:     	White=1     	---        Mistake:       	White=4     	Black=1      Inaccurate:     	White=2     	Black=4      OK:         	White=5     	Black=10     Best:        	White=2     	Black=4      Strong:       	White=1     	Black=2} 0-1

[Event "3rd President Cup-A 2024"]
[Site "Tashkent"]
[Date "2024.11.29"]
[Round "9.6"]
[White "Puranik, Abhimanyu"]
[Black "Nitish Belurkar"]
[Result "1/2-1/2"]
[ECO "B45"]
[WhiteElo "2652"]
[BlackElo "2434"]
[Annotator "TA"]
[PlyCount "114"]
[EventDate "2024.11.22"]
[EventType "swiss"]
[EventCountry "UZB"]
[SourceTitle "playchess.com"]
[Source "ChessBase"]
[SourceQuality "1"]
[TimeControl "5400+30"]

1. e4 c5 2. Nf3 e6 3. d4 cxd4 4. Nxd4 Nf6 5. Nc3 Nc6 6. Nxc6 bxc6 7. e5 Nd5 8. Ne4 Qc7 9. f4 Qb6 10. c4 Ne3 11. Qd3 Bb4+ 12. Bd2 {[%emt 0:01:36] B45: Sicilian Four Knights.} Ba6 $1 {[%emt 0:00:06][%mdl 4] now scores much better than the old 12...0-0.} 13. b3 O-O 14. Bxb4 Qxb4+ 15. Kf2 (15. Nd2 {simplifies} Nxf1 16. Rxf1 c5 17. Kf2) 15... Nd5 16. Ng5 ({White should play} 16. g3 $11) 16... Qb6+ $146 (16... g6 $15) ({Predecessor:} 16... g6 17. Rd1 f6 18. exf6 Nxf6 19. Be2 e5 20. h4 Rae8 21. h5 exf4 22. Qd4 Qa5 23. Nh3 Ne4+ 24. Kg1 Nc3 25. Bf3 Nxd1 26. Bxd1 Qe1+ 27. Kh2 Qg3+ 28. Kg1 {0-1 Priyanka,K (2143)-Pranesh,M (2507) Paracin op 16th 2023 (1)}) 17. Kg3 $14 g6 18. Qd2 $1 f6 19. Nf3 $1 Ne3 20. Re1 fxe5 21. Nxe5 Nf5+ $1 22. Kh3 d6 23. c5 dxc5 24. Bxa6 Qxa6 25. Qe2 Qb7 26. g3 Rad8 27. Ng4 Nd4 28. Qe5 Qg7 29. Qxg7+ (29. Qxc5 Rd5 30. Qc1 c5 $15) 29... Kxg7 30. Re4 g5 31. fxg5 Rf5 32. Kg2 Rxg5 33. Ne3 Kf7 34. Rf1+ Ke7 35. g4 Rgg8 36. Re5 Kd6 37. Rh5 $1 Rg7 38. h3 Rdd7 39. Rd1 Kc7 40. Rxc5 Nb5 41. Rxd7+ Rxd7 42. Rc2 Rd3 43. Nc4 Rd5 44. Re2 Kd7 $1 45. h4 Ke7 46. Kg3 Nd4 (46... h6 $11) 47. Rf2 h5 48. Ne3 Rc5 49. g5 a5 (49... Rc1 $14) 50. Kf4 (50. g6 $16 {g7 is the strong threat.} Nf5+ 51. Nxf5+ exf5 52. Kf4) 50... a4 {[%emt 0:00:40] [#]} (50... Nf5 $11) 51. Ke4 $1 $16 (51. bxa4 $6 Ra5 $11) 51... Nb5 {[%emt 0:00:13] [#]} ({Don't go for} 51... Nf5 $2 52. Nxf5+ (52. bxa4 Nxh4 53. Rc2 Ra5 $17) 52... exf5+ 53. Rxf5 $18) 52. Nc4 ({Don't play} 52. bxa4 Nd6+ 53. Kd3 Ra5 $11) (52. g6 $1 $16 {[%cal Rg6g7] Strongly threatening g7.} axb3 53. Rf7+ (53. axb3 Nd6+ 54. Kd4 Rc1 $11) 53... Ke8 54. axb3 Nd6+ 55. Kd4) 52... axb3 $11 53. axb3 Rd5 54. g6 Nc3+ 55. Kf3 Rf5+ 56. Kg2 Rxf2+ 57. Kxf2 Kf6 1/2-1/2

[Event "3rd President Cup-A 2024"]
[Site "Tashkent"]
[Date "2024.11.29"]
[Round "9.7"]
[White "Jubin Jimmy"]
[Black "Karthikeyan, Murali"]
[Result "0-1"]
[ECO "D31"]
[WhiteElo "2453"]
[BlackElo "2625"]
[Annotator "RC"]
[PlyCount "110"]
[EventDate "2024.11.22"]
[EventType "swiss"]
[EventCountry "UZB"]
[SourceTitle "playchess.com"]
[Source "ChessBase"]
[SourceQuality "1"]
[TimeControl "5400+30"]

1. d4 d5 2. c4 e6 3. Nc3 h6 4. cxd5 exd5 5. Bf4 c6 6. e3 Bf5 7. Bd3 Bxd3 8. Qxd3 Bd6 9. Nge2 Ne7 10. Bxd6 Qxd6 11. Ng3 Na6 12. a3 Nc7 13. Rd1 O-O 14. Nf5 Nxf5 15. Qxf5 Qe7 16. O-O Rad8 17. Na4 Nb5 18. Nc5 Nd6 19. Qe5 Qh4 20. Qg3 Qf6 21. Rc1 Rfe8 22. b3 Qe7 23. Qf3 g6 24. h3 h5 25. Rfe1 Nf5 26. a4 a5 27. Qf4 Nd6 28. Nd3 h4 29. Qe5 f6 30. Qxe7 Rxe7 31. Rc5 Ra8 32. Rb1 g5 33. Rc2 Kf7 34. Kf1 Kg6 35. Re1 Nf5 36. Rc5 Kh6 37. Rcc1 Rg7 38. Nc5 Re8 39. Rb1 g4 40. hxg4 Rxg4 41. Nd7 Rg6 42. b4 Rd8 43. Nc5 Rdg8 44. bxa5 Rxg2 45. Ke2 h3 46. Rh1 R8g3 47. Kf1 Nxe3+ 48. fxe3 Rf3+ 49. Ke1 Rxe3+ 50. Kf1 Rf3+ 51. Ke1 h2 52. Nxb7 Re3+ 53. Kd1 Ree2 54. Nc5 Ra2 55. Re1 Rgd2+ 0-1

[Event "3rd President Cup-A 2024"]
[Site "Tashkent"]
[Date "2024.11.29"]
[Round "9.8"]
[White "Pranesh M"]
[Black "Rakshitta Ravi"]
[Result "1-0"]
[ECO "C42"]
[WhiteElo "2580"]
[BlackElo "2295"]
[Annotator "TA"]
[PlyCount "79"]
[EventDate "2024.11.22"]
[EventType "swiss"]
[EventCountry "UZB"]
[SourceTitle "playchess.com"]
[Source "ChessBase"]
[SourceQuality "1"]
[TimeControl "5400+30"]

1. e4 e5 2. Nf3 Nf6 3. Nxe5 d6 4. Nf3 Nxe4 5. Nc3 Nxc3 6. dxc3 Be7 7. Be3 Nc6 8. Qd2 Bf5 9. O-O-O Qd7 10. h4 a6 {[%emt 0:04:28] White has an edge.} 11. Nd4 Nxd4 12. Bxd4 Rg8 13. h5 h6 14. f3 O-O-O 15. Qf2 Kb8 16. Kb1 Qc6 17. Rg1 d5 18. g4 Bh7 19. Bd3 Bxd3 20. Rxd3 Bf6 21. Be3 Rge8 22. f4 Re4 23. g5 Be7 24. Ba7+ Ka8 {[%emt 0:04:30] Hoping for ...b6.} 25. Bd4 Bf8 26. Rgd1 hxg5 $2 (26... Qd7 $11 {and Black has nothing to worry.}) 27. fxg5 $18 Qe6 28. a3 Re8 29. Qf3 c6 30. Bg1 {[%emt 0:09:28] Strongly threatening Qf2. White is more active.} Bd6 31. c4 $1 Rxc4 (31... Qg4 $16) 32. Bd4 $40 {[%emt 0:00:05][%mdl 128] White goes for the king.} Bf8 $2 {[%emt 0:01:54] [#]} (32... Rg8 $16 {was necessary.} 33. b3 Rxd4 34. Rxd4 Qe5) 33. Re3 $1 (33. b3 Rxd4 34. Rxd4 Qe5 $16) 33... Qd7 34. Qg4 Re6 $2 (34... Qd8 35. Rxe8 Qxe8) 35. Rxe6 fxe6 36. b3 Rxd4 37. Qxd4 (37. Rxd4 Bd6 38. Rd1 Qe7) 37... Qf7 {[%emt 0:00:35] [#]} 38. h6 gxh6 {[%emt 0:00:22] [#]} 39. Qf6 (39. gxh6 Bxh6 40. Qh8+ Bf8 $11) 39... Qg8 (39... Qxf6 40. gxf6 Kb8 (40... Bxa3 $2 {is the wrong capture.} 41. Re1 $18)) 40. gxh6 {[%emt 0:00:07] Weighted Error Value: White=0.18 (very precise) /Black=0.43.  Loses game:     	---       	Black=2      Mistake:       	---       	Black=3      Inaccurate:     	White=1     	Black=1      OK:         	White=8     	Black=11     Best:        	White=1     	Black=1      Strong:       	White=2     	---} 1-0

[Event "3rd President Cup-A 2024"]
[Site "Tashkent"]
[Date "2024.11.29"]
[Round "9.9"]
[White "Xu, Minghui"]
[Black "Gareyev, Timur"]
[Result "0-1"]
[ECO "A45"]
[WhiteElo "2405"]
[BlackElo "2552"]
[Annotator "TA"]
[PlyCount "72"]
[EventDate "2024.11.22"]
[EventType "swiss"]
[EventCountry "UZB"]
[SourceTitle "playchess.com"]
[Source "ChessBase"]
[SourceQuality "1"]
[TimeControl "5400+30"]

1. d4 Nf6 2. g3 c5 3. d5 b5 4. Bg2 d6 5. e4 g6 6. f4 Bg7 7. e5 Nfd7 8. Nf3 {[%emt 0:03:24] The position is equal.} Nb6 9. e6 fxe6 10. Ng5 exd5 11. Bxd5 {[%emt 0:00:07] [#]} Qc7 $1 {[%emt 0:15:23] ...Nxd5 would now be deadly.} 12. Bxa8 Nxa8 13. Qd5 (13. O-O $15) 13... Qc6 $17 14. Qf7+ (14. Qxc6+ $2 Nxc6 15. c3 Nb6 $19) 14... Kd8 15. Rf1 Bf6 {[%emt 0:00:41] A strong pair of Bishops.} 16. Nc3 (16. Nxh7 Qe4+ 17. Kd2 Bg4 (17... Be6 $2 18. Qxe6 Qxe6 19. c3 $19) (17... Be6 $2 18. Qxe6 Qxe6 19. Rf2 $19)) 16... Bxc3+ ({Black should play} 16... Nc7 $17 {...Qg2 is the strong threat.} 17. Bd2 (17. Nxh7 $2 Bxc3+ 18. bxc3 Qe4+ 19. Kf2 Bh3 $19) 17... b4) 17. bxc3 $11 Nb6 18. f5 (18. Nxh7 $2 Qe4+ 19. Kf2 Bh3 $19 (19... Qxc2+ $2 20. Kg1 $19)) (18. Qg7 $11 Re8 19. Kf2 (19. Nxh7 Qe4+ 20. Kf2 Bh3 $19) (19. Qxh7 Bf5 $11)) 18... Bxf5 $17 19. g4 Bxc2 {[%emt 0:03:02] White must now prevent ...Bd3.} 20. Qf2 Bd3 {[%emt 0:00:40][%cal Od8c8] Threatens to win with ...Kc8!} 21. Nf7+ Kd7 (21... Ke8 {feels hotter.} 22. Nxh8 Qe4+ 23. Be3 Nd5) 22. Nxh8 {[%emt 0:00:38][%cal Of2f3] [#]} Qe4+ 23. Qe3 (23. Be3 $17 Nc4 24. Qf3 Nxe3 (24... Qxe3+ 25. Qxe3 Nxe3 26. Rf8 $18) 25. Qxe4 Bxe4 26. Rf8) 23... Qc4 $19 {[%emt 0:00:46][%mdl 1024] Black has strong compensation.} 24. Rf8 (24. Qf3 $17 {was called for.} Bxf1 (24... Qxc3+ 25. Kf2 $17) 25. Bd2) 24... Nc6 $2 (24... Qxc3+ $19 25. Qd2 (25. Kf2 $2 Nc6 $19) 25... Qd4 (25... Qxa1 26. Rxb8 Qe5+ 27. Qe3 $19)) 25. Bd2 {[%emt 0:01:06] [#]} (25. Kd2 $17 Ne5 26. Nf7 Qxf7 27. Rxf7 Nbc4+ 28. Ke1 Nxe3 29. Rxe7+ Kxe7 30. Bxe3) 25... Nd5 $1 26. Qf2 (26. Qf3) 26... Ne5 $2 $40 {[%emt 0:01:39][%mdl 128] Black mounts an attack.} ({Weaker is} 26... Nxc3 27. Rf4 Ne4 28. Qe3 $17) (26... Qxg4 $2 27. Bf4 $19) (26... Qe4+ $19 27. Be3 Ne5 (27... Qxe3+ $2 28. Qxe3 Nxe3 29. Kd2 $18) (27... Nxe3 $2 28. Qf3 $19)) 27. Rf4 $2 Nxf4 28. Qxf4 Be4 ({Not} 28... Nxg4 29. Qxc4 Bxc4 30. a4 $16) 29. Qe3 Bg2 30. Kd1 Bf3+ 31. Ke1 Qxg4 {[%emt 0:00:28] ( -> ...Qh4+). White is weak on the light squares} 32. a4 Qh4+ {[%emt 0:00:32] Black mates.} 33. Kf1 Qh3+ 34. Ke1 Qxh2 35. Rc1 Qh1+ 36. Kf2 Ng4+ {[%emt 0:00:12] Weighted Error Value: White=0.89/Black=0.20 (precise) .  Loses game:     	White=2     	---        Missed win:     	---       	Black=2      Mistake:       	White=5     	Black=1      Inaccurate:     	White=1     	---        OK:         	White=5     	Black=9      Best:        	White=3     	Black=6      Strong:       	---       	Black=2} (36... Qg2+ $142 37. Ke1 g5 (37... bxa4 38. Nxg6 Qh1+ 39. Kf2 Ng4+ 40. Kg3 Qg2+ 41. Kf4 Nxe3 42. Kxe3 Qe2+ 43. Kf4 e5+ 44. Nxe5+ dxe5+ 45. Kf5 Qxd2 46. Rd1 Bxd1 47. Kf6 Qh6+ 48. Kxe5 Bc2 49. Kd5 Qd6+ 50. Kc4 Bd3#) (37... Qh1+ {is a self mate.} 38. Kf2 Ng4+ 39. Kg3 Qg2+ 40. Kf4 g5+ 41. Kxg5 Nxe3+ 42. Kh6 Nf5+ 43. Kxh7 Qg7#) 38. axb5 Qh1+ 39. Kf2 Ng4+ 40. Kg3 Qg2#) 0-1

[Event "3rd President Cup-A 2024"]
[Site "Tashkent"]
[Date "2024.11.29"]
[Round "9.10"]
[White "Bernadskiy, Vitaliy"]
[Black "Khubukshanov, Erdem"]
[Result "1/2-1/2"]
[ECO "E11"]
[WhiteElo "2543"]
[BlackElo "2443"]
[Annotator "RC"]
[PlyCount "172"]
[EventDate "2024.11.22"]
[EventType "swiss"]
[EventCountry "UZB"]
[SourceTitle "playchess.com"]
[Source "ChessBase"]
[SourceQuality "1"]
[TimeControl "5400+30"]

1. d4 Nf6 2. Nf3 e6 3. c4 d5 4. g3 Bb4+ 5. Bd2 Be7 6. Bg2 O-O 7. O-O Nbd7 8. Qc2 c6 9. Rc1 a5 10. a4 Ne4 11. Ne1 f5 12. Nd3 Qe8 13. Be1 g5 14. Nd2 Bd6 15. Nf3 Bc7 16. Nfe5 Rf6 17. f3 Nd6 18. Qd2 h6 19. h4 gxh4 20. c5 Nc4 21. Nxc4 dxc4 22. Rxc4 e5 23. dxe5 Nxe5 24. Rxh4 Nxd3 25. Qxd3 Rg6 26. e4 Qf7 27. Bc3 Be6 28. f4 Rd8 29. Qe3 fxe4 30. f5 Qxf5 31. Bxe4 Qg5 32. Qxg5 Rxg5 33. Rxh6 Rxg3+ 34. Kf2 Rf8+ 35. Bf6 Kf7 36. Re1 Rg4 37. Rh7+ Kxf6 38. Rxc7 Rf7 39. Rxf7+ Bxf7 40. Re3 Rh4 41. Rf3+ Ke5 42. Rxf7 Rxe4 43. Rxb7 Kd5 44. Ra7 Rxa4 45. Ke3 Kxc5 46. Kd3 Kb6 47. Ra8 Rh4 48. Kc3 Kb5 49. Rb8+ Kc5 50. Ra8 Rh3+ 51. Kc2 Kb4 52. Rb8+ Kc4 53. Ra8 Rh2+ 54. Kb1 Rh5 55. Kc2 Rg5 56. Ra7 Rc5 57. Rh7 Kb4+ 58. Kb1 Rc4 59. Rb7+ Kc5 60. Ra7 Kb6 61. Rh7 Rf4 62. Rh5 Re4 63. Rg5 Rd4 64. Rh5 Rd5 65. Rh8 Rg5 66. Ra8 Rf5 67. Ka2 Kb5 68. Rb8+ Kc4 69. Ra8 Rg5 70. Ka3 Rg3+ 71. Ka2 Rg5 72. Ka3 Rh5 73. Ra7 Rh3+ 74. Ka2 Kb5 75. Rb7+ Kc5 76. Ra7 Kb6 77. Ra8 Rh5 78. Ka3 Kb7 79. Rg8 Rh4 80. Rg5 Kb6 81. Rf5 Rd4 82. Rg5 Rd3+ 83. b3 Rd1 84. Rh5 Rd5 85. Rxd5 cxd5 86. b4 Kb5 1/2-1/2